 Dungeon Crawl Stone Soup version 0.22-a0-247-gbddf880 (webtiles) character file.

116 Amnesiac the Charlatan (level 4, -10/26 HPs)
             Began as a Deep Elf Artificer on Feb 24, 2018.
             Mangled by an ogre
             ... wielding a +0 giant club
              (28 damage)
             ... on level 4 of the Dungeon.
             The game lasted 00:06:09 (1706 turns).

Amnesiac the Charlatan (Deep Elf Artificer)         Turns: 1706, Time: 00:06:10

Health: -10/26     AC:  6    Str: 10    XL:     4   Next: 70%
Magic:  9/9        EV: 11    Int: 16    God:
Gold:   142        SH:  0    Dex: 15    Spells: 3/3 levels left

rFire    . . .     SeeInvis .   a - +1 short sword (drain)
rCold    . . .     Gourm    .   (no shield)
rNeg     . . .     Faith    .   t - +0 ring mail
rPois    .         Spirit   .   (no helmet)
rElec    .         Reflect  .   h - +0 cloak
rCorr    .         Harm     .   (no gloves)
MR       .....                  (no boots)
Stlth    +.........             k - amulet of rage
HPRegen  0.08/turn              (no ring)
MPRegen  0.11/turn              (no ring)

@: no status effects
A: no striking features
a: Evoke Berserk Rage


You were on level 4 of the Dungeon.
You were not hungry.

You visited 1 branch of the dungeon, and saw 4 of its levels.

You collected 142 gold pieces.

Inventory:

Hand Weapons
 a - a +1 short sword of draining (weapon)
 b - a +0 blowgun
Missiles
 p - 7 needles of confusion
Armour
 h - a +0 cloak (worn)
 i - a +0 pair of gloves
 j - a +0 shield
 t - a +0 ring mail (worn)
Magical Staves
 o - an uncursed staff of cold
Jewellery
 k - an amulet of rage (around neck)
Wands
 c - a wand of flame (14)
 d - a wand of enslavement (15)
 e - a wand of random effects (15)
Scrolls
 l - a scroll of identify {!r, unknown}
 q - a scroll of amnesia {!r, unknown}
 v - a scroll of enchant weapon {!r, unknown}
Potions
 g - 2 potions of lignification {!q, unknown}
 m - a potion of curing {!q, unknown}
 n - a potion of degeneration {!q, unknown}
 r - a potion of cancellation {!q, unknown}
 s - a potion of agility {!q, unknown}
Comestibles
 f - 2 rations


   Skills:
 + Level 1.7 Fighting
 - Level 2.2 Short Blades
 - Level 2.4 Dodging
 - Level 2.2 Stealth
 * Level 4.7 Evocations


You had 3 spell levels left.
You didn't know any spells.

Dungeon Overview and Level Annotations

Branches:
Dungeon (4/15)
 Temple: D:4-7

Altars:
Fedhas
Okawaru
Qazlal


Message History

You see here a scroll labeled XILUQURELU {!r}.
v - a scroll labeled XILUQURELU {!r} The phantom blinks!
You see here 11 gold pieces.
You now have 110 gold pieces (gained 11).
Okay, then.
Wield which item (- for none, * to show all)? (? for menu, Esc to quit)
Okay, then.
Wield which item (- for none, * to show all)? (? for menu, Esc to quit)
You sense an unholy aura.
u - a +0 mace of draining (weapon)
Wield which item (- for none, * to show all)? (? for menu, Esc to quit)
You sense an unholy aura.
a - a +1 short sword of draining (weapon)
Drop what? 22/52 slots (_ for help) (? for menu, Esc to quit)
You drop a +0 mace of draining.
Drop what? 21/52 slots (_ for help) (? for menu, Esc to quit)
You drop a +0 dagger.
You are near starving!
Put on which piece of jewellery? (? for menu, Esc to quit)
Okay, then.
Okay, then.
The phantom blinks!
Found 4 gold pieces.
Found 13 gold pieces.
The phantom blinks!
You see here 4 gold pieces.
You now have 114 gold pieces (gained 4).
The phantom blinks!
The phantom hits you!
The phantom blinks!
The phantom blinks!
Found a stone staircase leading down.
You see here 13 gold pieces.
You now have 127 gold pieces (gained 13).
The phantom blinks!
The phantom blinks!
You open the door.
There is an open door here.
The phantom blinks!
A hound skeleton comes into view.
Found an escape hatch in the floor.
The hound skeleton barely misses you.
The hound skeleton bites you but does no damage.
The ogre shouts!
You see here 15 gold pieces.
You now have 142 gold pieces (gained 15).
The hound skeleton barely misses you. The hound skeleton closely misses you.
The hound skeleton bites you but does no damage.
The hound skeleton misses you. The hound skeleton closely misses you.
The hound skeleton barely misses you.
You see here a pair of gloves.
i - a pair of gloves The hound skeleton closely misses you.
The hound skeleton bites you. The hound skeleton misses you.
There is an open door here.
Okay, then.
Okay, then.
Okay, then.
You eat one of the 3 rations.
That ration really hit the spot!
The ogre hits you with a giant club!!
Ouch! That really hurt!
You die...

#....#. #....##
..###... # #.......
.......# ..#
#########......# #.#
#.......#.....># ..
#.#O....#......# #.
#.#@#####......# .
#.#<#........#.#####
#.#####.#.........##
#..Z..#.#O........'.
#######W#.#.........##
..........#.##.######
..................#
..................#
..................#


You could see an ogre.

Vanquished Creatures
  An orc wizard (D:3)
  Jessica (D:3)
  2 adders (D:3)
  2 worms (D:3)
  A dart slug (D:3)
  A leopard gecko (D:4)
  3 bats
  4 giant cockroaches
  3 goblins
  5 hobgoblins
  A quokka (D:3)
  2 frilled lizards
  6 kobolds
  5 rats
37 creatures vanquished.

Notes
Turn   | Place    | Note
-------+----------+-------------------------------------------
     0 | D:1      | Amnesiac the Deep Elf Artificer began the quest for the Orb.
     0 | D:1      | Reached XP level 1. HP: 11/11 MP: 5/5
   290 | D:1      | Reached skill level 1 in Fighting
   391 | D:1      | Reached XP level 2. HP: 13/16 MP: 6/6
   745 | D:1      | Reached skill level 4 in Evocations
   936 | D:3      | Noticed Jessica
   947 | D:3      | Killed Jessica
   947 | D:3      | Reached XP level 3. HP: 20/20 MP: 8/8
   998 | D:4      | Noticed an ogre
  1262 | D:3      | Reached XP level 4. HP: 26/26 MP: 9/9
  1611 | D:4      | Found a blossoming altar of Fedhas.
  1611 | D:4      | Found a stormy altar of Qazlal.
  1614 | D:4      | Noticed a phantom
  1630 | D:4      | Found an iron altar of Okawaru.
  1706 | D:4      | Mangled by an ogre

Vault maps used:
D:1:      minmay_arrival_doors, minmay_misc_feat_diagonals
D:2:      lemuel_doored_altar
D:3:      lemuel_coloured_pillars_altar, minivault_5, small_statue_intersection,
          minmay_close_crescents, uniq_jessica, uniq_sigmund
D:4:      grunt_temple_overflow_forces_of_nature, kennysheep_mini_moat,
          lemuel_round_altar

Skill      XL: |  1  2  3  4 |
---------------+-------------+-----
Fighting       | 1 |  1.7
Evocations     | 4 |  4.7
Short Blades   | 2 |  2.2
Stealth        | 2 |  2.2
Dodging        | |  2.4

Action                   |  1- 3 |  4- 6 || total
-------------------------+-------+-------++-------
Melee: Short sword       |   113 |    41 ||   154
 Abil: Evoke Berserk Rag |     2 |     2 ||     4
Evoke: Wand              |     1 |       ||     1
 Stab: Sleeping          |     2 |     1 ||     3
  Eat: Chunk             |     2 |     3 ||     5
       Ration            |       |     1 ||     1
Armor: Leather armour    |    20 |    13 ||    33
       Ring mail         |       |     2 ||     2
Dodge: Dodged            |    65 |    46 ||   111

Table legend:
 A = Spawn XP
 B = Non-spawn XP
 C = Spawn XP percentage of total XP
 D = Spawn monster count
 E = Non-spawn monster count
 F = Spawn count percentage of total count
 G = Total turns spent on level
                    A         B        C        D         E        F      G
               +---------+---------+-------+---------+---------+-------+---------
         Total |       0 |     167 |   0.0 |       0 |      37 |   0.0 |  1706
               +---------+---------+-------+---------+---------+-------+---------
           D:1 |       0 |      23 |   0.0 |       0 |      13 |   0.0 |   779
           D:2 |       0 |       8 |   0.0 |       0 |       5 |   0.0 |   149
           D:3 |       0 |     132 |   0.0 |       0 |      17 |   0.0 |   548
           D:4 |       0 |       4 |   0.0 |       0 |       2 |   0.0 |   230
               +---------+---------+-------+---------+---------+-------+---------
